 Dungeon Crawl Stone Soup version 0.28-a0-1447-ga5a8893891 (webtiles) character file.

Game seed: 5949237285799536664

7364 iamoutofideas the Thaumaturge (level 11, -1/82 HPs)
             Began as a Djinni Fire Elementalist on Jan 12, 2022.
             Was a Follower of Ashenzari.
             Slain by a fire elemental (4 damage)
             ... on level 8 of the Dungeon.
             The game lasted 00:26:10 (15667 turns).

iamoutofideas the Thaumaturge (DjFE)               Turns: 15667, Time: 00:26:10

Health: -1/82      AC:  2    Str:  7    XL:     11   Next: 35%
Gold:   304        EV: 22    Int: 21    God:    Ashenzari [*.....] SH:  0 Dex: 19

rFire   + + .      SeeInvis .   (weapon currently unavailable)
rCold   . . .      Faith    .   (shield currently unavailable)
rNeg    . . .      Spirit   .   (armour currently unavailable)
rPois   ∞          Reflect  .   (helmet currently unavailable)
rElec   +          Harm     .   (cloak currently unavailable)
rCorr   +          Rampage  .   (gloves currently unavailable)
Will    +....                   (boots unavailable)
Stlth   +++.......              (no amulet)
HPRegen 0.23/turn               q - ring of fire
MPRegen 0.00/turn               (no ring)

@: spider-form (expiring), resistant, flying, studying Fighting
A: venomous fangs, flying, sickness immunity, tiny, (fire resistance 2), (cold
vulnerability 1), float, innate caster, hp casting, extra vitality 1
a: End Transformation, Renounce Religion, Shatter the Chains


You were on level 8 of the Dungeon.
You worshipped Ashenzari.
Ashenzari was aware of your devotion.
You were a venomous arachnid creature.
You visited 2 branches of the dungeon, and saw 10 of its levels.

You collected 431 gold pieces.
You spent 127 gold pieces at shops.

Inventory:

Hand Weapons
 k - the +8 dagger "Waluvotin" (melded) {vorpal, rElec rF+ Int-3}
   (You found it on level 2 of the Dungeon)

   It inflicts extra damage upon your enemies.
   Int:       It affects your intelligence (-3).
   rF:        It protects you from fire.
   rElec:     It insulates you from electricity.
 y - a +0 hand axe of electrocution
 C - the +1 spear of Greed {pain, rPois SInv Stlth+}
   (You found it on level 6 of the Dungeon)

   In the hands of one skilled in necromantic magic, it inflicts extra damage on
   living creatures.
   Your inability to study Necromancy prevents you from drawing on the full
   power of this weapon.
   rPois:     It protects you from poison.
   SInv:      It lets you see invisible.
   Stlth:     It makes you more stealthy.
Missiles
 h - 2 throwing nets
Armour
 a - a +0 robe
 b - the cursed +0 pair of gloves "Unveiling Skepticism" (melded) {Cun, Fort}
   (You found it on level 1 of the Dungeon)

   It has a curse which improves the following skills: Cunning: Dodging and
   Stealth.
   Fortitude: Armour and Shields.
 e - a +2 robe of positive energy
 i - a +1 robe of willpower
 l - the +0 ring mail of the Doldrums {Rampage}
   (You found it on level 2 of the Dungeon)

   Rampage:   It bestows one free step when moving towards enemies.
 o - a +1 scale mail of positive energy
 v - the cursed +0 cloak "Thunder Perfect Mind" (melded) {rCorr, Range, Melee}
   (You bought it in a shop on level 8 of the Dungeon)

   It has a curse which improves the following skills: Ranged Combat: Slings,
   Bows, Crossbows and Throwing.
   Melee Combat: Short Blades, Long Blades, Axes, Maces & Flails, Polearms,
   Staves and Unarmed Combat.
 D - a +0 helmet (melded)
Magical Staves
 A - a staff of air
Jewellery
 q - a ring of fire (left front leg)
Wands
 d - a wand of paralysis (12)
 r - a wand of flame (25)
 t - a wand of mindburst (13)
 x - a wand of charming (6)
 B - a wand of polymorph (19)
Scrolls
 f - a scroll of enchant armour
 g - a scroll of fear
 j - 2 scrolls of fog
 n - 2 scrolls of magic mapping
 u - 4 scrolls of identify
 w - a scroll of vulnerability
Potions
 c - a potion of brilliance
 m - a potion of flight
 p - 3 potions of might
 s - 2 potions of resistance
 E - a potion of haste


   Skills:
 + Level 8.4 Fighting
 - Level 0.7 Short Blades
 + Level 4.6 Dodging
 - Level 4.1 Stealth
 - Level 3.6 Shields
 + Level 10.8 Spellcasting


You had 6 spell levels left.
You knew the following spells:

 Your Spells              Type           Power      Damage    Failure   Level
a - Foxfire               Conj/Fire      100%       2x1d9     1%          1
b - Scorch                Fire           100%       2d10      1%          2
c - Spider Form           Tmut/Pois      54%        N/A       2%          3
d - Conjure Flame         Conj/Fire      71%        6-21      2%          3
e - Flame Wave            Conj/Fire      71%        2d11      4%          4
f - Summon Small Mammal   Summ           100%       N/A       1%          1
g - Searing Ray           Conj           100%       2d8       1%          2
h - Wereblood             Tmut           54%        N/A       1%          2
i - Inner Flame           Hex/Fire       71%        N/A       2%          3
j - Cause Fear            Hex            27%        N/A       4%          4
Your spell library was empty.

Dungeon Overview and Level Annotations

Branches:
Dungeon (9/15)             Temple (1/1) D:6
   Lair: D:8-11         Orc: D:9-12

Altars:
Ashenzari
Cheibriados
Dithmenos
Elyvilon
Fedhas
Gozag
Hepliaklqana
Kikubaaqudgha
Makhleb
Nemelex Xobeh
Okawaru
Qazlal
Ru
Sif Muna
Trog
Uskayaw
Vehumet
Wu Jian
Xom
Zin
The Shining One

Shops:
D:8 [:

Annotations:
D:4 exclusion: downstairs
D:6 exclusion: downstairs
D:7 exclusion: downstairs
D:8 1 transporter, 3 runed translucent doors, chunkyMonkey's ghost, novice SpFi


Innate Abilities, Weirdness & Mutations

You are a venomous arachnid creature.
You have poisonous fangs.
You are tiny and dextrous.
You are flying.
Your spellcasting is less reliable in this form.
Your armour is entirely melded.
You are incapable of wielding weapons or throwing items.
You are immune to sickness and miasma.
You are immune to poison.
((Your flesh is very heat resistant. (rF++)))
((You are vulnerable to cold. (rC-)))
You float through the air rather than walking.
You learn spells naturally, not from books.
Your magical power is your life essence.
You have superior vitality. (+4 MHP)


Message History

* * * LOW HITPOINT WARNING * * *
Unknown command.
Okay, then.
Casting: Spider Form (mildly dangerous; 2% risk of failure)
Confirm with . or Enter, or press ? or * to list all spells.
Okay, then.
Okay, then.
Casting: Spider Form (mildly dangerous; 2% risk of failure)
Confirm with . or Enter, or press ? or * to list all spells.
You feel a surge of power!
You conjure some foxfire!
* * * LOW HITPOINT WARNING * * *
Your transformation is almost over.
Cornered, the fire bat turns to fight! x2; The foxfire hits the fire bat.
The fire bat completely resists.
The fire bat is heavily wounded.
The fire elemental completely misses you.
The fire elemental misses you.
Unknown command.
You hit the fire elemental but do no damage.
The fire elemental is severely damaged.
The foxfire hits the fire bat.
The fire bat completely resists.
The fire bat is heavily wounded.
The fire bat bites you.
* * * LOW HITPOINT WARNING * * *
You are engulfed in flames.
You resist.
* * * LOW HITPOINT WARNING * * *
Cornered, the hell hound turns to fight!
The fire elemental misses you. The fire elemental hits you.
The fire elemental burns you! You resist.
* * * LOW HITPOINT WARNING * * *
The fire bat barely misses you.
You hit the fire elemental but do no damage.
The fire elemental is severely damaged.
The fire bat bites you but does no damage.
The fire bat barely misses you. The fire elemental barely misses you.
The fire elemental hits you. The fire elemental burns you! You resist.
* * * LOW HITPOINT WARNING * * *
The fire elemental barely misses you. The fire elemental hits you.
The fire elemental burns you! You resist.
You die...

##.#.### ######.#
#....#.#.####.
##.....#
##.########.#......
####.#.# #....#
#.#..#### # ##.#.#
#.©..# #.#..# ###....#
######### #.#..#
.##..### #.○°☼○○h#
#....#
)##..########○.○○○.○#
###.##
...........##○☼#b#○°#
###.#
...........##°hEs.○☼#
#...#
...........##°☼#E#.°#
#.#####
.##..########☼..b..○#
#.....# ..#..##
####☼°○#### #####.#
#.....# #b.○☼°☼°○○#
#.# #..?..#
#.○○○☼°°☼°# #.#
......# #°☼☼○○○○○°#
#.# ......#
#○☼°[$$°°○# #.#
.....#######°°.°©/○○°#
#.###


You could see 2 fire elementals, 2 hell hounds and 2 fire bats.

Vanquished Creatures
  Harold (D:7)
  Pikel (D:8)
  An ugly thing (D:8)
  Maurice (D:8)
  A hornet (D:8)
  2 slime creatures (D:6)
  Grum (D:8)
  A wyvern (D:8)
  4 yaks (D:8)
  3 vampire mosquitoes (D:8)
  A steam dragon (D:8)
  Menkaure (D:7)
  3 water moccasins
  2 black bears
  An ice beast (D:5)
  3 orc warriors
  3 sky beasts
  A hornet zombie (D:7)
  A necrophage (D:8)
  An ogre (D:4)
  2 wolves (D:8)
  A phantom (D:5)
  A centaur (D:7)
  4 lemures (D:8)
  3 kobold brigands
  4 bullfrogs
  A scorpion (D:7)
  A wyvern skeleton (D:6)
  8 wights
  2 electric eels
  2 howler monkeys (D:6)
  A hound (D:6)
  2 centaur zombies
  A bullfrog zombie (D:5)
  4 jellies
  A bullfrog skeleton (D:6)
  An orc priest (D:8)
  A centaur skeleton (D:6)
  A gnoll shaman (D:6)
  2 iguanas
  A scorpion zombie (D:5)
  4 orc wizards
  A hound skeleton (D:5)
  Robin (D:3)
  6 gnolls
  A howler monkey zombie (D:7)
  A howler monkey skeleton (D:5)
  4 adders
  A white imp (D:6)
  An ufetubus (D:4)
  3 worms
  3 dart slugs
  12 orcs
  6 endoplasms
  2 giant cockroaches (D:2)
  13 goblins
  10 hobgoblins
  7 jackals
  24 kobolds
  8 quokkas
  5 ball pythons
  4 bats
  4 frilled lizards
  2 rats
200 creatures vanquished.

Vanquished Creatures (collateral kills)
  5 foxfires (D:2)
5 creatures vanquished.

Vanquished Creatures (others)
  1080 foxfires
  6 fungi (D:6)
  8 plants (D:2)
  9 toadstools (D:6)
1103 creatures vanquished.

Grand Total: 1308 creatures vanquished

Notes
Turn   | Place    | Note
-------+----------+-------------------------------------------
     0 | D:1      | iamoutofideas the Djinni Fire Elementalist began the quest
                  | for the Orb.
     0 | D:1      | Reached XP level 1. HP: 15/15 MP: 0/0
   312 | D:1      | Reached XP level 2. HP: 10/21 MP: 0/0
   944 | D:1      | Found a faded altar of an unknown god.
  1209 | D:1      | Reached skill level 3 in Spellcasting
  1209 | D:1      | Reached XP level 3. HP: 19/25 MP: 0/0
  1209 | D:1      | Learned a level 1 spell: Summon Small Mammal
  2028 | D:2      | Reached XP level 4. HP: 24/31 MP: 0/0
  3007 | D:2      | Identified the +8 dagger "Waluvotin" {vorpal, rElec rF+
                  | Int-3}
  3119 | D:2      | Identified the +0 ring mail of the Doldrums {Rampage}
  3341 | D:3      | Reached skill level 1 in Fighting
  3569 | D:3      | Noticed a sky beast
  3585 | D:3      | Killed a sky beast
  3586 | D:3      | Reached skill level 4 in Spellcasting
  3586 | D:3      | Reached XP level 5. HP: 23/37 MP: 0/0
  3586 | D:3      | Learned a level 2 spell: Searing Ray
  4338 | D:3      | Noticed Robin
  4343 | D:3      | Reached XP level 6. HP: 38/42 MP: 0/0
  4774 | D:3      | Killed Robin
  5546 | D:4      | Noticed a black bear
  5553 | D:4      | Killed a black bear
  5554 | D:4      | Reached XP level 7. HP: 43/49 MP: 0/0
  5554 | D:4      | Learned a level 2 spell: Wereblood
  5765 | D:4      | Reached skill level 5 in Spellcasting
  6248 | D:5      | Entered Level 5 of the Dungeon
  6535 | D:5      | Reached XP level 8. HP: 51/56 MP: 0/0
  6636 | D:5      | Reached skill level 6 in Spellcasting
  7275 | D:6      | Reached skill level 7 in Spellcasting
  7526 | D:6      | Reached XP level 9. HP: 59/62 MP: 0/0
  7526 | D:6      | Learned a level 3 spell: Spider Form
  7681 | D:6      | Found a staircase to the Ecumenical Temple.
  7706 | Temple   | Entered the Ecumenical Temple
  8116 | Temple   | Became a worshipper of Ashenzari the Shackled
  8515 | D:6      | Identified the +1 spear of Greed {pain, rPois SInv Stlth+}
  8539 | D:6      | Reached skill level 8 in Spellcasting
  8802 | D:6      | Noticed a slime creature
  8802 | D:6      | Noticed a slime creature
  8812 | D:6      | Killed a slime creature
  8813 | D:6      | Reached skill level 5 in Fighting
  8817 | D:6      | Noticed a slime creature
  9208 | D:6      | Killed a slime creature
  9666 | D:6      | Identified a scroll of acquirement
  9666 | D:6      | Acquired a manual of Fighting
  9858 | D:7      | Noticed Harold
 10265 | D:7      | Reached XP level 10. HP: 24/70 MP: 0/0
 10575 | D:7      | Noticed Menkaure
 10578 | D:7      | Killed Menkaure
 10579 | D:7      | Reached skill level 9 in Spellcasting
 11374 | D:7      | Killed Harold
 12064 | D:8      | Noticed Maurice
 12064 | D:8      | Found a transporter.
 12064 | D:8      | Found Igasempiu's Antique Armour Shoppe.
 12074 | D:8      | Killed Maurice
 12082 | D:8      | Bought an embroidered cloak for 127 gold pieces
 12187 | D:8      | Found a runed translucent gate.
 12188 | D:8      | Found a runed translucent gate.
 12190 | D:8      | Found a runed translucent gate.
 12194 | D:8      | Noticed chunkyMonkey's ghost (novice SpFi)
 12214 | D:8      | Reached skill level 10 in Spellcasting
 12563 | D:8      | Found a glowing silver altar of Zin.
 12594 | D:8      | Noticed Grum
 12979 | D:8      | Reached XP level 11. HP: 40/81 MP: 0/0
 12979 | D:8      | Learned a level 4 spell: Cause Fear
 13029 | D:8      | Identified the cursed +0 pair of gloves "Unveiling
                  | Skepticism" {Cun, Fort} (You found it on level 1 of the
                  | Dungeon)
 13189 | D:8      | Found Visicw's Book Shoppe.
 13404 | D:8      | Found a transporter.
 13597 | D:8      | Noticed a brown ugly thing
 13893 | D:8      | Reached * piety under Ashenzari
 13934 | D:8      | HP: 3/81 [acid (4)]
 14355 | D:8      | Killed Grum
 14356 | D:8      | Reached skill level 1 in Shields
 14925 | D:8      | Noticed Pikel
 15239 | D:8      | Killed a brown ugly thing
 15414 | D:8      | Identified the cursed +0 cloak "Thunder Perfect Mind"
                  | {rCorr, Range, Melee} (You bought it in a shop on level 8
                  | of the Dungeon)
 15416 | D:8      | Killed Pikel
 15667 | D:8      | HP: 3/82 [fire elemental (3)]
 15667 | D:8      | Slain by a fire elemental

Illustrated notes

Levels and vault maps discovered:
D:1:      lightli_arrival_maybe_door_vault, layout_basic,
          hellmonk_ecumenical_altar_inner_sanctum
D:2:      layout_loops_ring, serial_bayou, serial_bayou_lagoon_a,
          serial_bayou_lake_a, serial_bayou_pond_b, serial_bayou_pond_e,
          kennysheep_generic_room_10
D:3:      layout_basic, corexii_leaking_fountain, uniq_robin
D:4:      nicolae_cairo_tiling_large, layout_gridville
D:5:      layout_cave_pools, feat_on_display
D:6:      cheibrodos_fertilizer, layout_gridville, minmay_temple_entry_slanted,
          grunt_ministairs_3
D:7:      layout_basic, minmay_crystal_water, kennysheep_nub, minivault_27,
          uniq_menkaure, uniq_harold
D:8:      gammafunk_cloud_chamber, layout_basic, lemuel_doored_altar,
          gammafunk_ghost_split, serial_shops, kennysheep_little_box, shop,
          kennysheep_generic_room_4, uniq_maurice, uniq_pikel, uniq_grum
D:9:      layout_loops_ring, erik_orc_1, hangedman_tell_no_tales, uniq_erica
Temple:   mainiacjoe_temple_big_plus

Skill      XL: |  1  2  3  4  5  6  7  8  9 10 11 |
---------------+----------------------------------+-----
Spellcasting   | 3 4 5 7 8 10 | 10.8
Fighting       | 1 2 3 4 5 7 8 |  8.4
Stealth        | 2 3 4 |  4.1
Dodging        | 3 4 |  4.6
Shields        | 3 |  3.6
Short Blades   | |  0.7

Action                   |  1- 3 |  4- 6 |  7- 9 | 10-12 || total
-------------------------+-------+-------+-------+-------++-------
Melee: Dagger            |       |     6 |       |     8 ||    14
       Unarmed           |       |       |       |    10 ||    10
 Cast: Foxfire           |   109 |   142 |   241 |   159 ||   651
       Searing Ray       |       |     6 |       |     3 ||     9
       Scorch            |       |     2 |     2 |    13 ||    17
       Flame Wave        |       |       |     9 |    26 ||    35
       Inner Flame       |       |       |     1 |     2 ||     3
       Conjure Flame     |       |       |       |     8 ||     8
       Spider Form       |       |       |       |     4 ||     4
       Cause Fear        |       |       |       |     1 ||     1
Invok: Curse Item        |       |       |       |     2 ||     2
Evoke: Wand              |       |       |       |    20 ||    20
  Use: Scroll            |       |       |    11 |     5 ||    16
       Potion            |       |       |     1 |     6 ||     7
 Stab: Sleeping          |       |       |       |     1 ||     1
Armor: Robe              |     1 |     5 |     6 |     4 ||    16
       Skin              |       |       |       |    21 ||    21
Dodge: Dodged            |     2 |    18 |    20 |   145 ||   185

Table legend: (Time is in decaauts)
 A = Elapsed time spent in this place.
 B = Non-inter-level travel time spent in this place.
 C = Inter-level travel time spent in this place.
 D = Time resting spent in this place.
 E = Time spent auto-exploring this place.
 F = Levels seen in this place.
 G = Mean time per level.
                   A        B        C        D        E       F      G
               +--------+--------+--------+--------+--------+-----+--------+
         Total |  15675 |  14997 |    678 |   3951 |   9193 |  10 | 1567.5 |
       Dungeon |  15243 |  14593 |    650 |   3951 |   8794 |   9 | 1693.7 |
        Temple |    432 |    404 |     28 |      0 |    399 |   1 |  432.0 |
               +--------+--------+--------+--------+--------+-----+--------+

Top non-repeatable levels by time:
     D:7: 3140 daAuts
     D:8: 2333 daAuts
     D:6: 2182 daAuts
     D:2: 1920 daAuts
     D:1: 1711 daAuts
     D:3: 1631 daAuts
     D:4: 1306 daAuts
     D:5: 1015 daAuts
  Temple: 432 daAuts
     D:9: 1 daAuts
